 Dungeon Crawl Stone Soup version 0.29-a0-998-g1987434951 (webtiles) character file.

Game seed: 5055336080228682727

11 drugrobin the Shield-Bearer (level 2, 0/25 HPs)
             Began as a Demigod Fighter on Aug 6, 2022.
             Succumbed to a kobold's poison
             ... on level 1 of the Dungeon.
             The game lasted 00:00:35 (138 turns).

drugrobin the Shield-Bearer (Demigod Fighter)        Turns: 138, Time: 00:00:36

Health: 0/25       AC:  6    Str: 17    XL:     2   Next: 6%
Magic:  4/4        EV:  8    Int: 10    God:
Gold:   18         SH:  4    Dex: 13    Spells: 1/1 levels left

rFire   . . .      SeeInvis .   a - +0 war axe
rCold   . . .      Faith    .   c - +0 buckler
rNeg    . . .      Spirit   .   b - +0 scale mail
rPois   .          Reflect  .   (no helmet)
rElec   .          Harm     .   (no cloak)
rCorr   .          Rampage  .   (no gloves)
Will    .....                   (no boots)
Stlth   ..........              (no amulet)
HPRegen 0.08/turn               (no ring)
MPRegen 0.09/turn               (no ring)

@: lethally poisoned (0 -> -19)
A: high MP 1, forlorn, divine attributes
a: no special abilities


You were on level 1 of the Dungeon.
You visited 1 branch of the dungeon, and saw 1 of its levels.

You collected 18 gold pieces.

Inventory:

Hand Weapons
 a - a +0 war axe (weapon)
Armour
 b - a +0 scale mail (worn)
 c - a +0 buckler (worn)
Jewellery
 f - an amulet of magic regeneration
Scrolls
 e - a scroll of amnesia {unknown}
 g - a scroll of blinking {unknown}
Potions
 d - a potion of might


   Skills:
 - Level 2.6 Fighting
 + Level 2.6 Axes
 - Level 2.6 Armour
 - Level 2.6 Shields


You had one spell level left.
You didn't know any spells.
Your spell library was empty.

Dungeon Overview and Level Annotations

Branches:
Dungeon (1/15)


Innate Abilities, Weirdness & Mutations

You have an increased reservoir of magic. (+10% MP)
You shall have no god before yourself.
Your divine heritage dramatically boosts your attributes as you level up.


Message History

Unknown command.
Unknown command.
You slash the jackal!
You kill the jackal!
Unknown command.
Press: ? - help, v - describe, . - travel, g - get item
Here: a kobold, wielding a +0 whip of venom
Items here: ††††.
The floor, spattered with blood.
Unknown command.
You closely miss the kobold. The kobold hits you but does no damage.
Unknown command.
Unknown command.
You completely miss the kobold. The kobold hits you but does no damage.
The kobold hits you with a +0 whip of venom.
You are poisoned.
Unknown command.
Unknown command.
You hit the kobold but do no damage.
You feel very sick. The kobold closely misses you.
Unknown command.
Unknown command.
You barely miss the kobold.
You feel sick. The kobold hits you but does no damage.
You are lethally poisoned!
The kobold hits you with a +0 whip of venom.
You are more poisoned.
Unknown command.
Unknown command.
Unknown command.
You completely miss the kobold.
* * * LOW HITPOINT WARNING * * *
You feel extremely sick. The kobold barely misses you.
Unknown command.
Unknown command.
Unknown command.
You barely miss the kobold.
You die...

#####...##### #....
.###...........####..).
..................#...#
.###...........##.#...#
#####...###.........
#...# #.##.##...
###...###.##.##...
#.......#.##......
#@##.##.#.#####.#. #K#
.# .#.......#. #J# ..
#########. ... ... #.
##..##.#. . .... ...$
....... .. ...#>
#......


You could see an endoplasm and a kobold.

Vanquished Creatures
  2 bats (D:1)
  A hobgoblin (D:1)
  4 jackals (D:1)
  A quokka (D:1)
  A frilled lizard (D:1)
9 creatures vanquished.

Notes
Turn   | Place    | Note
-------+----------+-------------------------------------------
     0 | D:1      | drugrobin the Demigod Fighter began the quest for the Orb.
     0 | D:1      | Reached XP level 1. HP: 18/18 MP: 3/3
   132 | D:1      | Reached XP level 2. HP: 25/25 MP: 4/4
   138 | D:1      | Succumbed to a kobold's poison

Illustrated notes

Levels and vault maps discovered:
D:1:      dpeg_arrival_long_road, layout_loops_cross,
          shapermc_ecumenical_altar_rom_forum

Skill      XL: |  1 |
---------------+----+-----
Axes           | 2 |  2.6
Fighting       | |  2.6
Armour         | |  2.6
Shields        | |  2.6

Action                   || total
-------------------------++-------
Melee: War axe           ||    32
Armor: Scale mail        ||    18
Dodge: Dodged            ||    20
Block: Buckler           ||     7

Table legend: (Time is in decaauts)
 A = Elapsed time spent in this place.
 B = Non-inter-level travel time spent in this place.
 C = Inter-level travel time spent in this place.
 D = Time resting spent in this place.
 E = Time spent auto-exploring this place.
 F = Levels seen in this place.
 G = Mean time per level.
                   A        B        C        D        E       F      G
               +--------+--------+--------+--------+--------+-----+--------+
         Total |    151 |    151 |      0 |      0 |     78 |   1 |  151.0 |
       Dungeon |    151 |    151 |      0 |      0 |     78 |   1 |  151.0 |
               +--------+--------+--------+--------+--------+-----+--------+

Top non-repeatable levels by time:
     D:1: 151 daAuts
